 Dungeon Crawl Stone Soup version 0.19.5 (webtiles) character file.

1626 Kosschaser the Cleaver (level 8, -2/73 HPs)
             Began as a Hill Orc Berserker on May 24, 2017.
             Was an Elder of Trog.
             Slain by a bullfrog (5 damage)
             ... on level 5 of the Dungeon.
             The game lasted 00:18:13 (4809 turns).

Kosschaser the Cleaver (Hill Orc Berserker)         Turns: 4809, Time: 00:18:14

Health: -2/73      AC:  7    Str: 22    XL:     8   Next: 97%
Magic:  8/8        EV: 13    Int:  7    God:    Trog [****..]
Gold:   223        SH:  0    Dex: 13    Spells: 0 memorised, 7 levels left

rFire  + . .     SeeInvis .     s - +2 war axe (chop)
rCold  . . .     Gourm    .     b - +3 leather armour of the Everdark {rCorr Dex+3}
rNeg   . . .     Faith    .     (no shield)
rPois  .         Spirit   .     (no helmet)
rElec  .         Reflect  .     d - +0 cloak
rCorr  +         Harm     .     (no gloves)
MR     ++...                    (no boots)
Stlth  +.........               (no amulet)
                                (no ring)
                                q - ring of protection from fire

@: exhausted, regenerating, slowed, very slow
A: no striking features
a: Berserk, Trog's Hand, Brothers in Arms, Burn Spellbooks, Renounce Religion


You were on level 5 of the Dungeon.
You worshipped Trog.
Trog was greatly pleased with you.
You were hungry.

You visited 1 branch of the dungeon, and saw 6 of its levels.

You collected 223 gold pieces.

Inventory:

Hand Weapons
 s - a +2 war axe of chopping (weapon)
 y - the +3 rapier of Indomitability {pierce, Int+3}
   (You found it on level 6 of the Dungeon)

   It inflicts extra damage upon your enemies.
   It affects your intelligence (+3).
Armour
 b - the +3 leather armour of the Everdark (worn) {rCorr Dex+3}
   (You found it on level 4 of the Dungeon)

   It affects your dexterity (+3).
   It protects you from acid and corrosion.
 d - a +0 cloak (worn)
Jewellery
 q - a ring of protection from fire (left hand)
Wands
 a - a wand of disintegration (10/24)
 v - a wand of slowing (21/48)
Scrolls
 e - 3 scrolls of recharging
 f - a scroll of fear {unknown}
 h - a scroll of fog {unknown}
 m - a scroll of teleportation
 n - a scroll of noise {unknown}
 p - a scroll of enchant armour {unknown}
 w - a scroll of blinking {unknown}
 x - a scroll of magic mapping {unknown}
Potions
 g - a potion of curing {unknown}
 i - 2 potions of lignification {unknown}
 j - 3 potions of resistance
 k - 4 potions of haste
 t - a potion of heal wounds {unknown}
 u - a potion of berserk rage {unknown}
Comestibles
 c - a bread ration
 l - 2 meat rations
 o - a beef jerky


   Skills:
 + Level 7.4 Fighting
 + Level 11.1 Axes
 + Level 3.9 Armour
 + Level 3.3 Dodging
 + Level 1.2 Stealth


You had 7 spell levels left.
You didn't know any spells.

Dungeon Overview and Level Annotations

Branches:
Dungeon (6/15)             Temple (0/1) D:5

Altars:
Fedhas
Makhleb

Shops:
D:4 [


Message History

Your skin crawls.
You feel resistant to hostile enchantments.
You are feeling hungry.
You feel sick. The bullfrog barely misses you. The bullfrog closely misses you.
The bullfrog hits you.
* * * LOW HITPOINT WARNING * * *
You barely miss the bullfrog. The bullfrog hits you.
* * * LOW HITPOINT WARNING * * *
The bullfrog barely misses you.
You hit the bullfrog.
The bullfrog is moderately wounded.
The bullfrog hits you.
* * * LOW HITPOINT WARNING * * *
The bullfrog hits you.
* * * LOW HITPOINT WARNING * * *
You feel sick.
You are no longer poisoned.
The bullfrog swells and bulges.
The bullfrog hits you.
You die...

#..# #.#.# #..........# ##)#
##.#.# #.####...#.#
#.#####....# #.# #...#.#
#..........# #.# ##.##.###
#.#####....# #.# #......#
#.# ##.#.###.# ##......# #.#
###.#.<...# #.......# #.#
#.....##..# #.......#
##.####....@##..####........
#.#.......>F..........##.###
##.####.....................
### #.....##....##.###.###
###.#####..........#
#............#####
#########.#### #.# #.#


You could see a bullfrog.

Vanquished Creatures
  Sigmund (D:5)
  Eustachio (D:5)
  The ghost of tschems the Covered, an amateur HuFi (D:3)
  2 ogres
  A phantom (D:4)
  6 killer bees (D:6)
  A centaur zombie (D:5)
  An orc priest (D:5)
  2 bullfrog skeletons (D:5)
  A hound (D:4)
  3 iguanas
  A centaur skeleton (D:6)
  4 orc wizards
  4 worker ants
  A killer bee zombie (D:6)
  8 adders
  A shadow imp (D:5)
  2 oozes
  3 adder zombies (D:5)
  2 worms
  4 leopard geckos
  12 orcs
  2 ball pythons
  6 giant cockroaches
  5 goblins
  9 hobgoblins
  22 jackals
  7 kobolds
  2 quokkas
  6 bats
  6 frilled lizards
  A jackal skeleton (D:5)
  2 quokka skeletons (D:4)
  A quokka zombie (D:6)
  5 rats
136 creatures vanquished.

Notes
Turn   | Place    | Note
-------+----------+-------------------------------------------
     0 | D:1      | Kosschaser the Hill Orc Berserker began the quest for the Orb.
     0 | D:1      | Reached XP level 1. HP: 19/19 MP: 1/1
    66 | D:1      | Reached XP level 2. HP: 27/27 MP: 2/2
   762 | D:1      | Reached XP level 3. HP: 12/33 MP: 3/3
   886 | D:1      | Reached ** piety under Trog
   936 | D:2      | Reached skill level 5 in Axes
  1206 | D:2      | You fall through a shaft for 2 floors!
  1517 | D:4      | Noticed a phantom
  1543 | D:4      | Reached XP level 4. HP: 21/41 MP: 4/4
  2277 | D:3      | Noticed tschems's ghost (amateur HuFi)
  2605 | D:3      | Killed tschems's ghost
  2605 | D:3      | Reached skill level 5 in Fighting
  2605 | D:3      | Reached skill level 6 in Axes
  2605 | D:3      | Reached XP level 5. HP: 48/48 MP: 5/5
  2605 | D:3      | Reached XP level 6. HP: 56/56 MP: 6/6
  3008 | D:4      | Reached skill level 7 in Axes
  3299 | D:4      | Killed a phantom
  3424 | D:4      | Reached XP level 7. HP: 31/61 MP: 7/7
  3649 | D:4      | Found Terum's Armour Shop.
  3656 | D:4      | Got a warped leather armour
  3667 | D:4      | Identified the +3 leather armour of the Everdark {rCorr Dex+3} (You found it on level 4 of the Dungeon)
  3739 | D:4      | Reached *** piety under Trog
  3795 | D:4      | Found a burning altar of Makhleb.
  3965 | D:5      | Entered Level 5 of the Dungeon
  3992 | D:5      | Reached skill level 8 in Axes
  4106 | D:5      | Found a staircase to the Ecumenical Temple.
  4164 | D:5      | Noticed Eustachio
  4173 | D:5      | Reached skill level 9 in Axes
  4176 | D:5      | Killed Eustachio
  4176 | D:5      | Reached XP level 8. HP: 71/71 MP: 8/8
  4224 | D:5      | Noticed Sigmund
  4231 | D:5      | Killed Sigmund
  4352 | D:5      | Found a blossoming altar of Fedhas.
  4657 | D:6      | Reached skill level 10 in Axes
  4657 | D:6      | Received a gift from Trog
  4659 | D:6      | Reached **** piety under Trog
  4705 | D:6      | Reached skill level 1 in Stealth
  4734 | D:6      | Got a crude rapier
  4735 | D:6      | Identified the cursed +3 rapier of Indomitability {pierce, Int+3} (You found it on level 6 of the Dungeon)
  4789 | D:6      | Reached skill level 11 in Axes
  4808 | D:5      | HP: 2/73 [bullfrog (2)]
  4809 | D:5      | Slain by a bullfrog

Skill      XL: |  1  2  3  4  5  6  7  8 |
---------------+-------------------------+-----
Fighting       | 4 5 6 7 |  7.4
Axes           | 5 6 7 9 11 | 11.1
Dodging        | 2 3 |  3.3
Armour         | 3 |  3.9
Stealth        | 1 |  1.2

Action                   |  1- 3 |  4- 6 |  7- 9 || total
-------------------------+-------+-------+-------++-------
Melee: Hand axe          |   140 |   168 |    25 ||   333
       War axe           |       |       |   113 ||   113
Invok: Berserk           |     2 |     2 |     4 ||     8
       Trog's Hand       |     3 |     2 |     2 ||     7
       Burn Spellbooks   |     1 |       |       ||     1
  Use: Scroll            |       |     1 |     6 ||     7
 Stab: Sleeping          |       |       |     1 ||     1
  Eat: Chunk             |     3 |     4 |     9 ||    16
       Bread ration      |       |     1 |       ||     1
       Pizza             |       |     1 |       ||     1
Armor: Animal skin       |    32 |     5 |       ||    37
       Leather armour    |       |    25 |    39 ||    64
Dodge: Dodged            |   102 |    90 |    94 ||   286
